Map: Ruins of Endion

Players

Miszu

  • Race: Terran Terran
  • League: Master

TcUltimate - Winner!

  • Race: Protoss Protoss
  • League: Master

VOD

Have the link to the VOD?

Description

Time

  • Played on: March 28, 2016, 4:12 p.m.
  • Length: 7:02
Show
View Real Time Build Order
Export as new Build Order

Miszu Terran 

Build Orders: Reaper Expand 

Get SALT Encoding   

  12  0:01  SCV  
  13  0:13  SCV  
  14  0:18  Supply Depot  
  14  0:25  SCV  
  15  0:29  Refinery  
  15  0:40  SCV  
  16  0:48  Barracks  
  16  0:54  SCV  
  17  1:06  SCV  
  18  1:18  SCV  
  19  1:34  Orbital Command  
  19  1:36  Reaper  
  20  1:46  Command Center  
  20  1:57  Supply Depot  
  20  2:03  SCV  
  21  2:11  Factory  
  21  2:15  Barracks Reactor, SCV  
  22  2:21  Refinery  
  22  2:27  SCV  
  23  2:43  SCV  
  24  2:49  Factory  
  24  2:52  Marine x2  
  24  2:55  SCV  
  27  3:00  Factory Tech Lab  
  27  3:01  SCV  
  28  3:10  Marine x2  
  27  3:28  Marine x2  
  27  3:37  SCV  
  29  3:50  Orbital Command  
  26  4:01  Hellion x2  
  30  4:10  Hellion, Infernal Pre-Igniter  
  30  4:13  SCV  
  32  4:20  SCV  
  32  4:22  Hellion  
  34  4:25  SCV  
  35  4:32  SCV  
  35  4:37  SCV  
  34  4:44  SCV  
  34  4:45  Marine  
  30  4:48  Hellion x3  
  30  5:06  SCV x2  
  31  5:12  Hellion  
  34  5:14  Hellion  
  34  5:19  Hellion  
  36  5:26  SCV  
  36  5:28  SCV  
  38  5:33  Hellion  
  38  5:49  Hellion x2  
  40  5:54  Hellion  
  38  6:06  SCV x2  
  38  6:11  Hellion x2  
  43  6:16  Hellion  
  43  6:18  SCV  
  44  6:23  SCV  
  41  6:30  SCV  
  41  6:32  Hellion x2  
  46  6:35  SCV  
  45  6:42  SCV  
  44  6:48  SCV  
Show
View Real Time Build Order
Export as new Build Order

TcUltimate Protoss - Winner!

Build Orders: 1 Gate Expand 

Get SALT Encoding   

  12  0:02  Probe (Chrono Boost)  
  13  0:17  Probe (Chrono Boost)  
  13  0:21  Pylon  
  14  0:28  Probe (Chrono Boost)  
  15  0:39  Probe (Chrono Boost)  
  15  0:40  Gateway  
  16  0:43  Assimilator  
  17  0:50  Probe (Chrono Boost)  
  17  1:00  Probe (Chrono Boost)  
  18  1:11  Probe (Chrono Boost)  
  19  1:21  Probe (Chrono Boost)  
  19  1:23  Nexus  
  20  1:32  Probe (Chrono Boost)  
  21  1:37  Cybernetics Core  
  21  1:41  Assimilator  
  21  1:44  Probe (Chrono Boost)  
  22  1:54  Pylon  
  22  1:56  Probe (Chrono Boost)  
  23  2:14  Adept (Chrono Boost)  
  26  2:16  Mothership Core (Chrono Boost)  
  26  2:21  Warp Gate  
  27  2:34  Probe (Chrono Boost)  
  27  2:35  Probe  
  29  2:43  Adept (Chrono Boost)  
  31  2:46  Probe x2  
  31  2:50  Pylon  
  33  2:52  Pylon  
  33  2:55  Pylon  
  33  2:56  Probe  
  34  2:58  Probe  
  35  3:06  Pylon  
  35  3:07  Probe  
  35  3:09  Adept (Chrono Boost)  
  38  3:14  Probe  
  38  3:17  Probe  
  39  3:26  Probe  
  39  3:28  Probe  
  39  3:33  Adept (Chrono Boost)  
  40  3:38  Probe  
  40  3:40  Mothership Core (Chrono Boost)  
  39  3:49  Probe (Chrono Boost)  
  40  4:01  Probe x2 (Chrono Boost)  
  42  4:06  Nexus  
  42  4:11  Probe (Chrono Boost)  
  42  4:12  Probe (Chrono Boost)  
  44  4:22  Probe x2 (Chrono Boost)  
  46  4:24  Robotics Facility  
  46  4:25  Twilight Council  
  46  4:46  Probe x2 (Chrono Boost)  
  46  4:49  Pylon  
  42  4:54  Gateway  
  42  4:55  Gateway  
  42  4:56  Probe x2 (Chrono Boost)  
  44  5:03  Gateway  
  44  5:06  Probe (Chrono Boost)  
  46  5:07  Assimilator, Probe (Chrono Boost)  
  46  5:11  Observer (Chrono Boost), Assimilator  
  47  5:16  Probe x2  
  47  5:17  Pylon  
  47  5:18  Probe  
  47  5:21  Pylon  
  50  5:22  Stalker  
  50  5:26  Probe  
  50  5:27  Probe  
  53  5:30  Probe  
  53  5:32  Warp Prism (Chrono Boost)  
  56  5:37  Probe x2  
  56  5:42  Probe  
  53  5:47  Probe  
  53  5:48  Stalker  
  50  5:54  Probe  
  49  5:59  Stalker  
  48  6:04  Stalker  
  48  6:08  Stalker  
  48  6:09  Probe x2  
  48  6:10  Probe  
  49  6:20  Probe  
  49  6:21  Probe  
  49  6:24  Stalker  
  52  6:32  Stalker  
  53  6:34  Probe  
  53  6:39  Stalker, Probe  
  56  6:43  Probe  
  57  6:50  Adept x2  
Tags
 
Add a new tag
Caveats
  • Supply blocks, unpowered buildings, or Contaminate may cause inaccurate times.
  • Supply counts are checked every 10 seconds.